 Dungeon Crawl Stone Soup version 0.22-a0-469-gf26638a (webtiles) character file.

124 Laiders72 the Ruffian (level 4, -3/37 HPs)
             Began as a Draconian Transmuter on June 13, 2018.
             Killed by divine providence
             ... invoked by an orc priest
              (13 damage)
             ... on level 3 of the Dungeon.
             The game lasted 00:05:54 (1919 turns).

Laiders72 the Ruffian (Draconian Transmuter)        Turns: 1919, Time: 00:05:54

Health: -3/37      AC:  6    Str: 17    XL:     4   Next: 81%
Magic:  1/7        EV: 12    Int: 15    God:
Gold:   77         SH:  0    Dex: 11    Spells: 2/8 levels left

rFire    . . .     SeeInvis .     - Unarmed
rCold    . . .     Gourm    .   (no shield)
rNeg     . . .     Faith    .   (armour unavailable)
rPois    .         Spirit   .   (helmet restricted)
rElec    .         Reflect  .   e - +0 cloak
rCorr    .         Harm     .   (no gloves)
MR       .....                  (no boots)
Stlth    +.........             (no amulet)
HPRegen  0.12/turn              (no ring)
MPRegen  0.10/turn              (no ring)

@: mighty, very slightly contaminated
A: unfitting armour, cold-blooded, AC +5
a: no special abilities


You were on level 3 of the Dungeon.
You were not hungry.

You visited 1 branch of the dungeon, and saw 3 of its levels.

You collected 77 gold pieces.

Inventory:

Missiles
 a - 34 arrows
Armour
 e - a +0 cloak (worn)
Wands
 l - a wand of disintegration (11)
Scrolls
 b - a scroll of teleportation {unknown}
 d - a scroll of fog {unknown}
 f - a scroll of enchant weapon {unknown}
 h - 2 scrolls of identify
 n - a scroll of remove curse {unknown}
Potions
 g - 3 potions of flight
 i - a potion of might
 j - 2 potions of haste
 k - a potion of resistance {unknown}
 m - a potion of degeneration {unknown}
Comestibles
 c - 9 rations
 o - 3 chunks of flesh


   Skills:
 + Level 2.3 Fighting
 + Level 2.4 Dodging
 + Level 3.5 Unarmed Combat
 + Level 2.6 Spellcasting
 + Level 2.8 Transmutations
 + Level 1.0 Poison Magic


You had 2 spell levels left.
You knew the following spells:

 Your Spells              Type           Power        Failure   Level  Hunger
a - Beastly Appendage     Tmut           ##....       7%          1    #......
b - Sticks to Snakes      Tmut           ##......     10%         2    ##.....
c - Spider Form           Tmut/Pois      #.........   28%         3    ###....

Your spell library contained the following spells:

 Spells                   Type           Power        Failure   Level  Hunger
 Blade Hands              Tmut           ##........   88%         5    ######.
 Ice Form                 Ice/Tmut       #.......     75%         4    #####..


Dungeon Overview and Level Annotations

Branches:
Dungeon (3/15)

Altars:
Hepliaklqana
Uskayaw


Innate Abilities, Weirdness & Mutations

Your plain brown scales are hard. (AC +5)
You cannot fit into any form of body armour.
You are cold-blooded and may be slowed by cold attacks.


Message History

You closely miss the orc priest.
The orc priest is lightly wounded.
The orc priest hits your adder with a hand axe.
Your adder dies!
The orc priest hits you with a hand axe.
The goblin hits you but does no damage.
You feel very mighty all of a sudden. The goblin barely misses you.
You barely miss the orc priest.
The orc priest is moderately wounded.
The orc priest hits you with a hand axe.
The goblin hits you but does no damage.
You punch the orc priest!
You kill the orc priest!
Your Poison Magic skill increases to level 1!
The orc priest closely misses you. The goblin hits you.
* * * LOW HITPOINT WARNING * * *
The orc priest mumbles some strange prayers to Beogh against you.
Beogh smites you!
You die...

#########
#@o..†..#
#.#####.# #g# #
###########o### #
###.............#
##
#......######.#.#
.###.......#
#.#.#
..........## #.#
# .###.....## #..


You could see an orc priest, an orc wizard and a goblin.

Vanquished Creatures
  An orc priest (D:3)
  A gnoll (D:3)
  An ooze (D:2)
  A worm (D:2)
  3 dart slugs (D:1)
  2 leopard geckos (D:1)
  5 orcs (D:3)
  A ball python (D:1)
  6 bats
  3 giant cockroaches
  7 hobgoblins
  4 frilled lizards
  7 goblins
  7 kobolds
  2 rats (D:1)
51 creatures vanquished.

Vanquished Creatures (collateral kills)
  3 gnolls (D:3)
  A leopard gecko (D:3)
  An orc (D:3)
5 creatures vanquished.

Grand Total: 56 creatures vanquished

Notes
Turn   | Place    | Note
-------+----------+-------------------------------------------
     0 | D:1      | Laiders72 the Draconian Transmuter began the quest for the Orb.
     0 | D:1      | Reached XP level 1. HP: 16/16 MP: 3/3
   123 | D:1      | Reached XP level 2. HP: 17/23 MP: 5/5
   127 | D:1      | Learned a level 2 spell: Sticks to Snakes
   477 | D:1      | Reached XP level 3. HP: 24/29 MP: 6/6
   849 | D:2      | Found a hide-covered altar of Uskayaw.
   856 | D:2      | Learned a level 3 spell: Spider Form
  1050 | D:2      | Found a hazy altar of Hepliaklqana.
  1402 | D:3      | Reached XP level 4. HP: 14/36 MP: 7/7
  1918 | D:3      | Reached skill level 1 in Poison Magic
  1919 | D:3      | Killed from afar by an orc priest

Vault maps used:
D:1:      scummos_arrival_hexagon, st_stairs_9
D:2:      old_standard_altar, lemuel_crystal_altar, first_ration,
          minmay_tree_intersection

Skill      XL: |  1  2  3  4 |
---------------+-------------+-----
Dodging        | 2 |  2.4
Fighting       | 2 |  2.3
Poison Magic   | 1 |  1.0
Unarmed Combat | |  3.5
Spellcasting   | |  2.6
Transmutations | |  2.8

Action                   |  1- 3 |  4- 6 || total
-------------------------+-------+-------++-------
Melee: Unarmed           |   177 |    18 ||   195
       Tailslap          |    17 |       ||    17
       Headbutt          |     2 |       ||     2
 Cast: Spider Form       |     1 |       ||     1
       Beastly Appendage |     1 |       ||     1
       Sticks to Snakes  |       |     8 ||     8
  Use: Scroll            |     3 |       ||     3
       Potion            |       |     1 ||     1
  Eat: Chunk             |     1 |     3 ||     4
Armor: Skin              |    56 |     7 ||    63
Dodge: Dodged            |   121 |    28 ||   149

Table legend:
 A = Spawn XP
 B = Non-spawn XP
 C = Spawn XP percentage of total XP
 D = Spawn monster count
 E = Non-spawn monster count
 F = Spawn count percentage of total count
 G = Total turns spent on level
                    A         B        C        D         E        F      G
               +---------+---------+-------+---------+---------+-------+---------
         Total |       0 |     178 |   0.0 |       0 |      56 |   0.0 |  1919
               +---------+---------+-------+---------+---------+-------+---------
           D:1 |       0 |      54 |   0.0 |       0 |      27 |   0.0 |   841
           D:2 |       0 |      35 |   0.0 |       0 |      16 |   0.0 |   495
           D:3 |       0 |      89 |   0.0 |       0 |      13 |   0.0 |   583
               +---------+---------+-------+---------+---------+-------+---------
